 Dungeon Crawl Stone Soup version 0.29.1-1-gd02db6906a (webtiles) character file.

Game seed: 2360623866081091020

3224 mcbry74 the Cleaver (level 9, -16/118 HPs)
             Began as a Minotaur Berserker on Oct 13, 2022.
             Was an Elder of Trog.
             Demolished by a boulder beetle (23 damage)
             ... on level 9 of the Dungeon.
             The game lasted 00:23:02 (8535 turns).

mcbry74 the Cleaver (Minotaur Berserker)            Turns: 8535, Time: 00:23:03

Health: -16/118    AC: 11    Str: 25    XL:     9   Next: 66%
Magic:  8/8        EV: 11    Int: 10    God:    Trog [****..]
Gold:   256        SH:  8    Dex:  9    Spells: 8/8 levels left

rFire   . . .      SeeInvis +   b - +0 war axe
rCold   + . .      Faith    .   w - +0 kite shield
rNeg    + . .      Spirit   .   z - +1 ring mail "Orphoixza" {rC+ rN+ Int+4 Stlth-}
rPois   +          Reflect  .   (helmet restricted)
rElec   .          Harm     .   d - +0 cloak
rCorr   .          Rampage  .   k - +0 pair of gloves
Will    ++...                   l - +0 pair of boots
Stlth   ..........              K - amulet of the acrobat
HPRegen 1.29/turn               F - ring of poison resistance
MPRegen 0.11/turn               v - ring of see invisible

@: berserking, strong-willed, regenerating, very quick
A: horns 2, retaliatory headbutt
a: Renounce Religion, Berserk, Trog's Hand, Brothers in Arms


You were on level 9 of the Dungeon.
You worshipped Trog.
Trog was greatly pleased with you.
You visited 1 branch of the dungeon, and saw 9 of its levels.

You collected 424 gold pieces.
You spent 168 gold pieces at shops.

Inventory:

Hand Weapons
 a - a +0 hand axe
 b - a +0 war axe (weapon)
 y - a +2 whip of holy wrath
 T - a +5 vorpal spear
 V - a +2 morningstar
Missiles
 j - a throwing net
 x - 3 curare-tipped darts
 B - 11 javelins
 D - 14 poisoned darts (quivered)
 G - 6 boomerangs of dispersal
 M - 3 silver boomerangs
Armour
 d - a +0 cloak (worn)
 k - a +0 pair of gloves (worn)
 l - a +0 pair of boots (worn)
 w - a +0 kite shield (worn)
 z - the +1 ring mail "Orphoixza" (worn) {rC+ rN+ Int+4 Stlth-}
   (You found it on level 4 of the Dungeon)

   Int:       It affects your intelligence (+4).
   rC:        It protects you from cold.
   rN:        It protects you from negative energy.
   Stlth:     It makes you less stealthy.
 R - a +2 leather armour of cold resistance
 U - the +0 ring mail "Moited" {Int+10 Dex-2}
   (You found it on level 9 of the Dungeon)

   Int:       It affects your intelligence (+10).
   Dex:       It affects your dexterity (-2).
Jewellery
 q - a ring of positive energy
 v - a ring of see invisible (right hand)
 C - a ring of flight
 F - a ring of poison resistance (left hand)
 H - a ring of protection from cold
 K - an amulet of the acrobat (around neck)
 N - the ring of the Okapi {Wiz rC- rN+ Int+4 Dex+6}
   (You found it on level 7 of the Dungeon)

   [ring of wizardry]

   It improves your spell success rate.
   Int:       It affects your intelligence (+4).
   Dex:       It affects your dexterity (+6).
   rC:        It makes you vulnerable to cold.
   rN:        It protects you from negative energy.
Wands
 s - a wand of acid (5)
 E - a wand of charming (17)
 Q - a wand of iceblast (10)
Scrolls
 e - 5 scrolls of immolation
 f - 3 scrolls of enchant weapon
 g - 7 scrolls of teleportation
 o - a scroll of identify
 p - 2 scrolls of blinking
 r - 3 scrolls of fear
 A - 2 scrolls of silence
 L - a scroll of amnesia
 O - a scroll of poison
 S - a scroll of vulnerability
Potions
 c - 3 potions of curing
 h - 2 potions of ambrosia {unknown}
 i - a potion of haste {unknown}
 m - 2 potions of flight {unknown}
 n - 3 potions of cancellation {unknown}
 t - 2 potions of lignification {unknown}
 u - a potion of magic {unknown}
 I - a potion of berserk rage {unknown}
 J - a potion of attraction
 P - a potion of mutation {unknown}


   Skills:
 + Level 7.3 Fighting
 * Level 9.7 Axes
 + Level 4.5 Throwing
 + Level 6.8 Armour
 + Level 6.0 Dodging
 + Level 5.4 Shields


You had 8 spell levels left.
You didn't know any spells.
Your spell library contained the following spells:

 Spells                   Type           Power      Damage    Failure   Level
 Magic Dart               Conj           0%         1d3       83%         1
 Necrotise                Necr           0%         1d4       83%         1
 Sandblast                Erth           0%         2d4       83%         1
 Passwall                 Tmut/Erth      0%         N/A       93%         2
 Searing Ray              Conj           0%         2d4       93%         2
 Stone Arrow              Conj/Erth      0%         3d7       99%         3
 Vampiric Draining        Necr           0%         2d6       99%         3
 Fulminant Prism          Conj/Hex       0%         3d6       100%        4
 Agony                    Necr           0%         N/A       100%        5
 Blade Hands              Tmut           0%         N/A       100%        5
 Irradiate                Conj/Tmut      0%         3d11      100%        5
 Dragon Form              Tmut           0%         N/A       100%        7


Dungeon Overview and Level Annotations

Branches:
Dungeon (9/15)             Temple (0/1) D:5            Lair (0/5) D:9
    Orc: D:9-12

Altars:
Ashenzari
Cheibriados
Dithmenos
Makhleb
Qazlal
Sif Muna
Uskayaw
Wu Jian
The Shining One

Shops:
D:6 (!?=*   D:7 [

Annotations:
D:7 2 transporters


Innate Abilities, Weirdness & Mutations

You have a pair of horns on your head.
You reflexively headbutt those who attack you in melee.


Message History

You headbutt the boulder beetle, but do no damage.
The boulder beetle bites you!! The boulder beetle bites you.
You hit the boulder beetle but do no damage.
The boulder beetle bites you but does no damage.
Your skin crawls.
You feel strong-willed. The boulder beetle bites you!
You hit the boulder beetle.
The boulder beetle is lightly wounded.
The boulder beetle barely misses you. You furiously retaliate!
You headbutt the boulder beetle. You slash the boulder beetle!
The boulder beetle is moderately wounded.
You hear the creaking of a very distant portcullis.
The boulder beetle barely misses you.
You hit the boulder beetle but do no damage.
The boulder beetle is moderately wounded.
The boulder beetle bites you.
You barely miss the boulder beetle.
The boulder beetle is moderately wounded.
The boulder beetle bites you!
* * * LOW HITPOINT WARNING * * *
You hit the boulder beetle.
The boulder beetle is moderately wounded.
You block the boulder beetle's attack.
You hit the boulder beetle.
The boulder beetle is moderately wounded.
The boulder beetle bites you!
* * * LOW HITPOINT WARNING * * *
The boulder beetle bites you but does no damage.
A red film seems to cover your vision as you go berserk!
You feel yourself moving faster!
You feel mighty! The boulder beetle bites you!
* * * LOW HITPOINT WARNING * * *
You slash the boulder beetle!
The boulder beetle is heavily wounded.
You hit the boulder beetle but do no damage.
You headbutt the boulder beetle!
The boulder beetle is severely wounded.
The boulder beetle bites you!!
You die...

#.#......))...#.##.†.#
#.#...........#..#...#
#.#...........'..#.!.#
'.#...........#..#...#
#.#...........#..#...# #
..#.....#######..#...#...
.>#.....#................
..#######................
..... .........@...#####
...... .........B...#
...... .............#
...... .............#
...... ....#######..#
####. .... ..# ### ..#
..#


You could see a boulder beetle.

Vanquished Creatures
  A komodo dragon (D:9)
  A wyvern (D:8)
  Eustachio (D:5)
  2 water moccasins
  A black bear (D:6)
  An ice beast (D:7)
  3 centaurs
  2 ogres
  A phantom (D:7)
  A kobold brigand (D:8)
  Blork the orc (D:6)
  4 bullfrogs
  2 gnoll sergeants
  2 scorpions (D:5)
  8 wights
  A howler monkey (D:5)
  A jelly (D:7)
  6 hounds
  An orc priest (D:7)
  2 iguanas
  Terence (D:2)
  2 orc wizards
  13 gnolls
  5 adders
  3 shadow imps
  2 white imps
  3 ufetubi (D:5)
  6 worms
  2 dart slugs (D:3)
  16 orcs
  12 ball pythons
  13 endoplasms
  2 giant cockroaches (D:3)
  11 goblins
  9 hobgoblins
  8 jackals
  6 quokkas
  9 bats
  9 frilled lizards
  12 kobolds
  7 rats
193 creatures vanquished.

Vanquished Creatures (others)
  5 plants (D:9)
5 creatures vanquished.

Grand Total: 198 creatures vanquished

Notes
Turn   | Place    | Note
-------+----------+-------------------------------------------
     0 | D:1      | mcbry74 the Minotaur Berserker began the quest for the Orb.
     0 | D:1      | Reached XP level 1. HP: 19/19 MP: 0/0
   111 | D:1      | Reached XP level 2. HP: 27/27 MP: 1/1
   193 | D:1      | Reached skill level 4 in Axes
   657 | D:1      | Reached XP level 3. HP: 33/33 MP: 2/2
   676 | D:1      | Reached ** piety under Trog
   782 | D:1      | You fall into a shaft and drop 1 floor!
  1663 | D:2      | Reached XP level 4. HP: 35/40 MP: 3/3
  1833 | D:2      | Noticed Terence
  1842 | D:2      | Killed Terence
  1843 | D:2      | Reached skill level 5 in Axes
  2329 | D:2      | Found a faded altar of an unknown god.
  2840 | D:3      | Reached XP level 5. HP: 47/47 MP: 4/4
  3032 | D:3      | Reached *** piety under Trog
  3746 | D:4      | Identified the +1 ring mail "Orphoixza" {rC+ rN+ Int+4
                  | Stlth-}
  4219 | D:5      | Entered Level 5 of the Dungeon
  4219 | D:5      | Noticed a centaur
  4227 | D:5      | Killed a centaur
  4228 | D:5      | Reached skill level 1 in Throwing
  4228 | D:5      | Reached skill level 1 in Shields
  4228 | D:5      | Reached XP level 6. HP: 49/55 MP: 5/5
  4311 | D:5      | Reached skill level 5 in Fighting
  4311 | D:5      | Reached skill level 6 in Axes
  4593 | D:5      | Reached **** piety under Trog
  4594 | D:5      | Reached XP level 7. HP: 41/61 MP: 6/6
  4731 | D:5      | Noticed Eustachio
  4749 | D:5      | Killed Eustachio
  4882 | D:5      | Found a snail-covered altar of Cheibriados.
  4882 | D:5      | Found a shadowy altar of Dithmenos.
  4883 | D:5      | Found a stormy altar of Qazlal.
  4925 | D:5      | Found a staircase to the Ecumenical Temple.
  5346 | D:5      | Reached skill level 7 in Axes
  5493 | D:6      | Found Boiwk's Jewellery Emporium.
  5529 | D:6      | Reached skill level 5 in Armour
  5543 | D:6      | Noticed Blork the orc
  5549 | D:6      | Killed Blork the orc
  5550 | D:6      | Reached XP level 8. HP: 63/70 MP: 7/7
  5597 | D:6      | Found Mijaesto's Magic Scroll Shop.
  5606 | D:6      | Found Imets's Assorted Antiques.
  5614 | D:6      | Bought a lumpy peridot amulet for 140 gold pieces
  5614 | D:6      | Bought a scroll labelled XUESYEHEIPT for 28 gold pieces
  5643 | D:6      | Found an ornate altar of the Wu Jian Council.
  5643 | D:6      | Found a burning altar of Makhleb.
  5651 | D:6      | Found a glowing golden altar of the Shining One.
  5653 | D:6      | Found a shimmering blue altar of Sif Muna.
  5655 | D:6      | Found a broken altar of Ashenzari.
  6082 | D:6      | Found Xebear's Distillery.
  6145 | D:6      | Found Faxt's Weapon Shoppe.
  6328 | D:7      | Identified the ring of the Okapi {Wiz rC- rN+ Int+4 Dex+6}
  6343 | D:7      | Noticed a gargoyle
  6352 | D:7      | Noticed a centaur warrior
  6372 | D:7      | Reached skill level 8 in Axes
  6375 | D:7      | Reached skill level 5 in Dodging
  6396 | D:7      | Noticed a gargoyle
  6500 | D:7      | Found Zixkoq's Antique Armour Shop.
  6781 | D:7      | Found a hide-covered altar of Uskayaw.
  6846 | D:7      | Found a transporter.
  6848 | D:7      | Found a transporter.
  7325 | D:8      | Reached XP level 9. HP: 48/78 MP: 8/8
  7489 | D:8      | Reached skill level 9 in Axes
  7698 | D:8      | Reached skill level 5 in Shields
  8290 | D:9      | Found a staircase to the Lair.
  8291 | D:9      | Noticed a komodo dragon
  8319 | D:9      | Killed a komodo dragon
  8370 | D:9      | Identified the +0 ring mail "Moited" {Int+10 Dex-2}
  8500 | D:9      | Noticed a boulder beetle
  8533 | D:9      | HP: 5/118 [boulder beetle (9)]
  8535 | D:9      | Demolished by a boulder beetle

Illustrated notes

Levels and vault maps discovered:
D:1:      dpeg_arrival_subterranean_lakeside_camping, layout_basic,
          minmay_unequal
D:2:      kb_forest_paths, layout_loops_ring,
          shapermc_ecumenical_altar_notcrosses, uniq_terence
D:3:      layout_basic, minmay_misc_feat_cross, solitary_fountain,
          minmay_starry_boxes
D:4:      layout_rooms
D:5:      layout_loops_ring, gammafunk_temple_overflow_claw,
          minmay_temple_entry_glass, uniq_eustachio
D:6:      layout_cave_pools, chequers_temple_overflow_minitemple, serial_shops,
          kennysheep_mini, nicolae_lakefront_shop, shop, shop_fountains,
          shop_statue, due_unseen_surprise, uniq_blork_the_orc
D:7:      gammafunk_the_bubble [the_bubble_gammafunk_plus_minus], layout_basic,
          mainiacjoe_overflow_surrounded_room, serial_shops, shop
D:8:      layout_loops_ring
D:9:      layout_irregular_city, david_lair_shrubbed, enter_bailey_5,
          nzn_sisyphean_effort, uniq_joseph

Skill      XL: |  1  2  3  4  5  6  7  8  9 |
---------------+----------------------------+-----
Axes           | 4 5 6 7 8 9 |  9.7
Fighting       | 4 5 6 7 |  7.3
Armour         | 3 4 5 6 |  6.8
Dodging        | 3 4 5 6 |  6.0
Throwing       | 1 2 3 4 |  4.5
Shields        | 1 3 4 5 |  5.4

Action                   |  1- 3 |  4- 6 |  7- 9 || total
-------------------------+-------+-------+-------++-------
Melee: Hand axe          |    94 |   148 |       ||   242
       Headbutt          |     9 |    32 |    46 ||    87
       Punch             |     1 |       |       ||     1
       War axe           |       |    25 |   232 ||   257
Throw: Dart              |       |       |    13 ||    13
Invok: Berserk           |       |       |     1 ||     1
       Trog's Hand       |       |       |     1 ||     1
  Use: Scroll            |       |     6 |     7 ||    13
 Stab: Sleeping          |     1 |       |       ||     1
Armor: Animal skin       |    24 |       |       ||    24
       Chain mail        |       |    43 |       ||    43
       Ring mail         |       |    36 |   108 ||   144
Dodge: Dodged            |    47 |    81 |   146 ||   274
Block: Kite shield       |       |    28 |    96 ||   124
